 Dungeon Crawl Stone Soup version 0.31.0-7-gf635a9b802 (webtiles) character file.

Game seed: 11993671556444144015

3387 Skeral the Trooper (level 10, -8/75 HPs)
             Began as a Djinni Hunter on Jan 24, 2024.
             Was an Elder of Fedhas.
             Mangled by Erica
             ... wielding a +1 scimitar of flaming
              (14 damage)
             ... on level 8 of the Dungeon.
             The game lasted 00:18:32 (7323 turns).

Skeral the Trooper (Djinni Hunter)                  Turns: 7323, Time: 00:18:33

Health: -8/75      AC:  7    Str: 10    XL:     10   Next: 24%
Gold:   272        EV: 10    Int: 11    God:    Fedhas [****..] SH:  5 Dex: 27

rFire   + + .        a - +0 shortbow
rCold   . . .        (shield currently unavailable)
rNeg    . . .        w - +2 leather armour {rC+}
rPois   ∞            B - +0 helmet
rElec   .            (no cloak)
rCorr   +            i - +0 pair of gloves
SInv    .            (boots unavailable)
Will    +....        m - amulet of reflection
Stlth   ++           R - ring of resist corrosion
HPRegen 0.32/turn    D - +6 ring of dexterity
MPRegen 0.00/turn

%: reflection, infuse magic (-9 HP)
@: flying, constricted
A: sickness immunity, fire resistance 2, cold vulnerability 1, float, innate
caster, HP casting, extra vitality 1
a: Renounce Religion, Wall of Briars, Grow Ballistomycete, Overgrow


You were on level 8 of the Dungeon.
You worshipped Fedhas.
Fedhas was greatly pleased with you.
You visited 2 branches of the dungeon, and saw 10 of its levels.

You collected 326 gold pieces.
You spent 54 gold pieces at shops.


Innate Abilities, Weirdness & Mutations

You are immune to sickness and miasma.
You are immune to poison.
Your flesh is very heat resistant. (rF++)
You are vulnerable to cold. (rC-)
You float through the air rather than walking.
You learn spells naturally, not from books.
Your magical power is your life essence.
You have superior vitality. (+4 MHP)


   Skills:
 - Level 7.5 Fighting
 + Level 7.2 Ranged Weapons
 - Level 2.1 Dodging
 - Level 0.7 Stealth
 + Level 4.2 Spellcasting
 + Level 4.2 Conjurations
 + Level 4.2 Hexes
   Level 0.0 Charms
 + Level 4.2 Summonings
 + Level 4.2 Necromancy
 + Level 4.2 Translocations
   Level 0.0 Transmutations
 + Level 4.2 Fire Magic
 + Level 4.2 Ice Magic
 + Level 4.2 Air Magic
 + Level 4.2 Earth Magic
 + Level 4.2 Alchemy
 + Level 6.8 Invocations


You knew the following spells:

 Your Spells              Type           Power      Damage    Failure   Level
b - Blink                 Tloc           22%        N/A       9%          2
f - Freeze                Ice            44%        1d6       5%          1
s - Swiftness             Air            11%        N/A       16%         3
X - Sigil of Binding      Hex            11%        N/A       16%         3
Your spell library was empty.

Inventory:

Hand Weapons
 a - a +0 shortbow (weapon)
 E - a +0 arbalest
   (You took it off an orc warrior on level 7 of the Dungeon)
Missiles
 c - 17 poisoned darts
 s - 4 atropa-tipped darts
Armour
 i - a +0 pair of gloves (worn)
   (You bought it in a shop on level 2 of the Dungeon)
 w - a +2 leather armour of cold resistance (worn)
   (You found it on level 1 of the Dungeon)
 B - a +0 helmet (worn)
   (You found it on level 6 of the Dungeon)
Jewellery
 g - an amulet of regeneration
   (You took it off a goblin on level 4 of the Dungeon)
 m - an amulet of reflection (around neck)
   (You found it on level 2 of the Dungeon)
 D - a +6 ring of dexterity (right hand)
   (You found it on level 5 of the Dungeon)
 N - a ring of positive energy
   (You found it on level 6 of the Dungeon)
 R - a ring of resist corrosion (left hand)
   (You found it on level 4 of the Dungeon)
Wands
 k - a wand of polymorph (11)
   (You found it on level 2 of the Dungeon)
 p - a wand of flame (43)
   (You took it off Natasha on level 3 of the Dungeon)
 r - a wand of quicksilver (8)
   (You found it on level 7 of the Dungeon)
 y - a wand of mindburst (13)
   (You found it on level 5 of the Dungeon)
 H - a wand of paralysis (8)
   (You found it on level 8 of the Dungeon)
Scrolls
 d - 2 scrolls of noise {unknown}
 j - 3 scrolls of teleportation {@r4}
 n - 3 scrolls of blinking {!r}
 q - a scroll of fog
 u - 3 scrolls of amnesia {unknown}
 x - 2 scrolls of revelation {unknown}
 A - a scroll of fear {unknown}
 C - a scroll of vulnerability {unknown}
 F - a scroll of silence {unknown}
 J - 2 scrolls of enchant weapon {unknown}
Potions
 e - a potion of might
 f - 2 potions of mutation {!q}
 h - a potion of attraction {unknown}
 l - a potion of resistance {unknown}
 o - a potion of degeneration {unknown}
 t - 5 potions of cancellation
 v - a potion of haste {unknown}
 z - 3 potions of brilliance
 G - a potion of heal wounds {unknown}
 I - 2 potions of berserk rage {unknown}

Dungeon Overview and Level Annotations

Branches:
Dungeon (9/15) Zot: 26881  Temple (1/1) D:6 Zot: 5901
   Lair: D:8-11         Orc: D:9-12

Altars:
Ashenzari
Cheibriados
Dithmenos
Elyvilon
Fedhas
Gozag
Hepliaklqana
Makhleb
Nemelex Xobeh
Qazlal
Ru
Trog
Uskayaw
Wu Jian
Xom
Yredelemnul
Zin
The Shining One

Shops:
D:2 [

Annotations:
D:3 3 runed translucent doors, TheBioAlchemist's ghost, amateur OpSh
D:5 Duvessa
D:8 Erica

#...# #..#..#.......##.....###.
##..###........................
#......................<.....#.
#........##.................##
#..........###<...........#..#
###..........##............##...
#.#...........##..#.........#...
##............###x##.........#.##
#......#.......#@.###...........#
##.....##..>...)).# #.........##
#....#......#...### ##........##
##..###.#..###....####.........##
#### ###[[# ###...#.#...........
##.#).#####.................
##.....#...#....##...........
#................#...........
#........................###.


You could see Erica.


Message History

You shoot an arrow.
The arrow barely misses the howler monkey. 😕 HP[+1]
You shoot an arrow. The arrow hits the howler monkey!
You kill the howler monkey!
Fedhas appreciates your contribution to the ecosystem.
No target in view!
No target in view!
You start resting.
Erica is nearby! 😕 HP[+6]
You regained 6 hp, and now have 64/75 hp.
Erica is nearby!
Erica shouts!
Erica zaps a wand.
The roots erupt in riotous growth!
The grasping roots grab you!
The grasping roots constrict you! 😮 HP[-9]
You take 9 damage, and now have 55/75 hp.
You escape the roots grasp. 😮 HP[+1]
Aiming: Mindburst
Press: ? - help, Shift-Dir - straight line, f - Erica
Aim: Erica, wielding a +1 scimitar of flaming, wearing a ring of willpower and carrying a wand of roots (chance to affect: 6%)
Okay, then.
Aiming: Quicksilver Bolt
Press: ? - help, Shift-Dir - straight line, f - Erica
Aim: Erica, wielding a +1 scimitar of flaming, wearing a ring of willpower and carrying a wand of roots (57% to hit)
The bolt of dispelling energy hits Erica!
Erica casts a spell at you. You resist with some effort.
Fire: a) +0 shortbow
Press: ? - help, Shift-Dir - straight line, f/p - Erica
Aim: Erica, wielding a +1 scimitar of flaming, wearing a ring of willpower and carrying a wand of roots (moderately wounded, 60% to hit)
You shoot an arrow. The arrow barely misses Erica.
Fire: a) +0 shortbow
Press: ? - help, Shift-Dir - straight line, f/p - Erica
Aim: Erica, wielding a +1 scimitar of flaming, wearing a ring of willpower and carrying a wand of roots (moderately wounded, 60% to hit)
You shoot an arrow. The arrow misses Erica.
Erica says, "Fast and perfect.
Such is my way of killing."
Erica stares at you and mumbles some strange words.
The bolt of poison hits you but does no damage.
You resist. 😕 HP[+1] Fire: a) +0 shortbow
Press: ? - help, Shift-Dir - straight line, f/p - Erica
Aim: Erica, wielding a +1 scimitar of flaming, wearing a ring of willpower and carrying a wand of roots (moderately wounded, 60% to hit)
You shoot an arrow.
The arrow hits Erica but does no damage.
Fire: a) +0 shortbow
Press: ? - help, Shift-Dir - straight line, f/p - Erica
Aim: Erica, wielding a +1 scimitar of flaming, wearing a ring of willpower and carrying a wand of roots (moderately wounded, 60% to hit)
You shoot an arrow. The arrow hits Erica.
Fire: a) +0 shortbow
Press: ? - help, Shift-Dir - straight line, f/p - Erica
Aim: Erica, wielding a +1 scimitar of flaming, wearing a ring of willpower and carrying a wand of roots (moderately wounded, 60% to hit)
You shoot an arrow. The arrow hits Erica!
Erica hits you with a +1 scimitar of flaming!
Erica burns you. Erica grabs you. Erica constricts you. 😮 HP[-8]
You take 8 damage, and now have 49/75 hp.
You shoot an arrow. The arrow closely misses Erica.
You block Erica's attack. Erica constricts you. 😮 HP[-4]
You take 4 damage, and now have 45/75 hp.
You shoot an arrow. The arrow hits Erica!
Erica casts a spell at you.
The bolt of poison hits you but does no damage.
You resist. Erica constricts you.
You shoot an arrow. The arrow misses Erica.
Erica barely misses you. Erica constricts you. 😮 HP[-1]
You take 1 damage, and now have 44/75 hp.
You shoot an arrow. The arrow hits Erica.
Erica hits you with a +1 scimitar of flaming!!
* * * LOW HITPOINT WARNING * * *
Erica constricts you.
* * * LOW HITPOINT WARNING * * *
😨 HP[-21]
You take 21 damage, and now have 23/75 hp.
MASSIVE DAMAGE!! (PAUSE)
You shoot an arrow. The arrow misses Erica.
Erica hits you with a +1 scimitar of flaming!
* * * LOW HITPOINT WARNING * * *
Erica burns you.
* * * LOW HITPOINT WARNING * * *
Erica constricts you.
* * * LOW HITPOINT WARNING * * *
😱 HP[-18]
You take 18 damage, and now have 5/75 hp.
MASSIVE DAMAGE!! (PAUSE)
Aiming: Quicksilver Bolt
Press: ? - help, Shift-Dir - straight line, f/p - Erica
Aim: Erica, wielding a +1 scimitar of flaming, wearing a ring of willpower and carrying a wand of roots (severely wounded, constricting you, 57% to hit)
The bolt of dispelling energy hits Erica!
Erica hits you with a +1 scimitar of flaming!
You die...
Erica begins burbling mirthfully and uncontrollably.
Fedhas appreciates your contribution to the ecosystem.

Skill      XL: |  1  2  3  4  5  6  7  8  9 10 |
---------------+-------------------------------+-----
Invocations    | 1 2 3 5 6 |  6.8
Fighting       | 3 4 5 7 |  7.5
Ranged Weapons | 4 5 6 7 |  7.2
Spellcasting   | 1 2 3 4 |  4.2
Conjurations   | 1 2 3 4 |  4.2
Hexes          | 1 2 3 4 |  4.2
Summonings     | 1 2 3 4 |  4.2
Necromancy     | 1 2 3 4 |  4.2
Translocations | 1 2 3 4 |  4.2
Fire Magic     | 1 2 3 4 |  4.2
Ice Magic      | 1 2 3 4 |  4.2
Air Magic      | 1 2 3 4 |  4.2
Earth Magic    | 1 2 3 4 |  4.2
Alchemy        | 1 2 3 4 |  4.2
Dodging        | |  2.1
Stealth        | |  0.7

Action                     |  1- 3 |  4- 6 |  7- 9 | 10-12 || total
---------------------------+-------+-------+-------+-------++-------
   Fire: Shortbow          |    89 |   174 |   418 |   136 ||   817
   Cast: Blink             |       |       |     1 |       ||     1
  Evoke: Wand              |       |       |       |     2 ||     2
    Use: Scroll            |       |       |     1 |     8 ||     9
 Armour: Leather armour    |    27 |    47 |   203 |    69 ||   346
  Dodge: Dodged            |    36 |    46 |   217 |    57 ||   356
  Block: Other             |       |    16 |    84 |    21 ||   121
         Reflection        |       |     1 |     7 |     1 ||     9

Levels and vault maps discovered:
D:1:      minmay_arrival_up_and_down, layout_basic, shapermc_ecumenical_altar_gd
D:2:      layout_basic, serial_shops, nicolae_shop_waterfront
D:3:      layout_basic, gammafunk_ghost_necromancy, uniq_terence, uniq_natasha
D:4:      layout_basic, uniq_blork_the_orc
D:5:      layout_basic, nicolae_gozag_seed_capital,
          gammafunk_temple_overflow_wave, uniq_eustachio, uniq_duvessa
D:6:      layout_layer_cave, ashenzari_conservatory_becter,
          minmay_temple_entry_statues_fountains, serial_bayou_lagoon_a,
          minivault_10, uniq_pikel, uniq_menkaure, uniq_maggie
D:7:      layout_loops_ring, bh_walls_and_bars
D:8:      layout_cave_pools, elyvilon_altar_1, uniq_erica
D:9:      layout_cave_pools, okawaru_ov_weapons_minmay, serial_shops, shop,
          nicolae_shop_tiny_statue_garden, nicolae_shop_real_fake_doors,
          nicolae_square_shop, nicolae_shop_stone
Temple:   eino_temple_scatter_basement

Notes
Turn   | Place    | Note
-------+----------+-------------------------------------------
     0 | D:1      | Skeral the Djinni Hunter began the quest for the Orb.
     0 | D:1      | Reached XP level 1. HP: 18/18 MP: 0/0
     0 | D:1      | magus.rc [v1.10.3]
   132 | D:1      | Found a faded altar of an unknown god.
   141 | D:1      | Reached XP level 2. HP: 23/24 MP: 0/0
   164 | D:1      | Prayed at the altar of an unknown god.
   164 | D:1      | Became a worshipper of Fedhas Madash
   164 | D:1      | Reached * piety under Fedhas
   535 | D:1      | Reached XP level 3. HP: 29/29 MP: 0/0
   535 | D:1      | Learned a level 1 spell: Freeze
   927 | D:2      | Found Asynokk's Armour Shoppe.
   933 | D:2      | Bought a +0 pair of gloves for 54 gold pieces
  1119 | D:2      | Reached skill level 1 in Invocations
  1189 | D:2      | Reached ** piety under Fedhas
  1190 | D:2      | Reached XP level 4. HP: 34/34 MP: 0/0
  1260 | D:2      | Reached skill level 3 in Fighting
  1610 | D:3      | Found a runed translucent gate.
  1610 | D:3      | Found a runed translucent gate.
  1610 | D:3      | Found a runed translucent gate.
  1616 | D:3      | Noticed TheBioAlchemist's ghost (amateur OpSh)
  1649 | D:3      | Reached skill level 4 in Ranged Weapons
  1649 | D:3      | Reached XP level 5. HP: 40/40 MP: 0/0
  1649 | D:3      | Learned a level 2 spell: Blink
  1708 | D:3      | Noticed Terence
  1721 | D:3      | Killed Terence
  1722 | D:3      | Reached skill level 2 in Invocations
  1855 | D:3      | Noticed Natasha
  1860 | D:3      | Killed Natasha
  2055 | D:3      | Noticed Natasha
  2074 | D:3      | Killed Natasha
  2075 | D:3      | Reached XP level 6. HP: 36/46 MP: 0/0
  2213 | D:3      | Identified the +1 falchion "Soseall" {speed, Int+4}
  2409 | D:3      | Noticed Natasha
  2422 | D:3      | Killed Natasha
  2423 | D:3      | Reached skill level 1 in Spellcasting
  2423 | D:3      | Reached skill level 1 in Conjurations
  2423 | D:3      | Reached skill level 1 in Hexes
  2423 | D:3      | Reached skill level 1 in Summonings
  2423 | D:3      | Reached skill level 1 in Necromancy
  2423 | D:3      | Reached skill level 1 in Translocations
  2423 | D:3      | Reached skill level 1 in Fire Magic
  2423 | D:3      | Reached skill level 1 in Ice Magic
  2423 | D:3      | Reached skill level 1 in Air Magic
  2423 | D:3      | Reached skill level 1 in Earth Magic
  2423 | D:3      | Reached skill level 1 in Alchemy
  2610 | D:4      | Noticed Blork the orc
  2620 | D:4      | Killed Blork the orc
  2713 | D:4      | Reached skill level 4 in Fighting
  2737 | D:4      | Noticed an ogre
  2747 | D:4      | Killed an ogre
  2748 | D:4      | Reached skill level 3 in Invocations
  2748 | D:4      | Reached XP level 7. HP: 52/52 MP: 0/0
  2748 | D:4      | Learned a level 3 spell: Sigil of Binding
  2788 | D:4      | Reached *** piety under Fedhas
  3317 | D:5      | Entered Level 5 of the Dungeon
  3318 | D:5      | Noticed Duvessa
  3367 | D:5      | Reached skill level 2 in Spellcasting
  3367 | D:5      | Reached skill level 2 in Conjurations
  3367 | D:5      | Reached skill level 2 in Hexes
  3367 | D:5      | Reached skill level 2 in Summonings
  3367 | D:5      | Reached skill level 2 in Necromancy
  3367 | D:5      | Reached skill level 2 in Translocations
  3367 | D:5      | Reached skill level 2 in Fire Magic
  3367 | D:5      | Reached skill level 2 in Ice Magic
  3367 | D:5      | Reached skill level 2 in Air Magic
  3367 | D:5      | Reached skill level 2 in Earth Magic
  3367 | D:5      | Reached skill level 2 in Alchemy
  3554 | D:5      | Noticed Dowan
  3578 | D:5      | Killed Dowan
  3657 | D:5      | Reached XP level 8. HP: 46/58 MP: 0/0
  3659 | D:5      | Noticed Eustachio
  3766 | D:5      | Found an opulent altar of Gozag.
  3876 | D:6      | Noticed Maggie
  3894 | D:6      | Killed Maggie
  3895 | D:6      | Reached skill level 5 in Fighting
  3895 | D:6      | Reached skill level 5 in Ranged Weapons
  3895 | D:6      | Reached skill level 4 in Invocations
  3919 | D:5      | Found a shimmering altar of Xom.
  3920 | D:5      | Found a sacrificial altar of Ru.
  4151 | D:6      | Found a broken altar of Ashenzari.
  4263 | D:6      | Reached skill level 3 in Spellcasting
  4263 | D:6      | Reached skill level 3 in Conjurations
  4263 | D:6      | Reached skill level 3 in Hexes
  4263 | D:6      | Reached skill level 3 in Summonings
  4263 | D:6      | Reached skill level 3 in Necromancy
  4263 | D:6      | Reached skill level 3 in Translocations
  4263 | D:6      | Reached skill level 3 in Fire Magic
  4263 | D:6      | Reached skill level 3 in Ice Magic
  4263 | D:6      | Reached skill level 3 in Air Magic
  4263 | D:6      | Reached skill level 3 in Earth Magic
  4263 | D:6      | Reached skill level 3 in Alchemy
  4355 | D:6      | Found a staircase to the Ecumenical Temple.
  4372 | Temple   | Entered the Ecumenical Temple
  4515 | D:6      | Reached skill level 5 in Invocations
  4515 | D:6      | Reached XP level 9. HP: 57/66 MP: 0/0
  4515 | D:6      | Learned a level 3 spell: Swiftness
  4519 | D:6      | Noticed Menkaure
  4526 | D:6      | Killed Menkaure
  4527 | D:6      | Reached skill level 6 in Fighting
  4595 | D:6      | Identified the +2 robe of Uziopn {SInv}
  4724 | D:6      | Reached **** piety under Fedhas
  4725 | D:6      | Reached skill level 6 in Ranged Weapons
  4774 | D:6      | Noticed Pikel
  5000 | D:5      | Killed Eustachio
  5190 | D:6      | Reached skill level 4 in Spellcasting
  5190 | D:6      | Reached skill level 4 in Conjurations
  5190 | D:6      | Reached skill level 4 in Hexes
  5190 | D:6      | Reached skill level 4 in Summonings
  5190 | D:6      | Reached skill level 4 in Necromancy
  5190 | D:6      | Reached skill level 4 in Translocations
  5190 | D:6      | Reached skill level 4 in Fire Magic
  5190 | D:6      | Reached skill level 4 in Ice Magic
  5190 | D:6      | Reached skill level 4 in Air Magic
  5190 | D:6      | Reached skill level 4 in Earth Magic
  5190 | D:6      | Reached skill level 4 in Alchemy
  5272 | D:6      | Killed Pikel
  5273 | D:6      | Reached skill level 7 in Fighting
  5803 | D:7      | Reached skill level 6 in Invocations
  6008 | D:7      | Reached XP level 10. HP: 47/75 MP: 0/0
  6731 | D:8      | Reached skill level 7 in Ranged Weapons
  6828 | D:8      | Noticed Erica
  6842 | D:8      | HP: 17/75 [something (15)]
  7143 | D:8      | Found a white marble altar of Elyvilon.
  7322 | D:8      | HP: 9/75 [Erica/+1 scimitar of flaming (14)]
  7323 | D:8      | Mangled by Erica

Vanquished Creatures
  Pikel (D:6)
  Maggie (D:6)
  A wyvern (D:8)
  Eustachio (D:5)
  Menkaure (D:6)
  2 ice beasts
  An orc warrior (D:7)
  A sky beast (Temple)
  A black bear (D:6)
  An ogre (D:4)
  A lemure (D:5)
  2 kobold brigands
  Blork the orc (D:4)
  3 bullfrogs
  A scorpion (D:6)
  Dowan (D:5)
  7 howler monkeys
  An electric eel (D:6)
  A bombardier beetle (D:4)
  2 jellies
  A gnoll bouda (D:6)
  2 hounds
  3 orc priests
  Natasha (thrice) (D:3)
  Terence (D:3)
  5 iguanas
  2 orc wizards (D:7)
  7 gnolls
  7 adders
  3 shadow imps
  A white imp (D:6)
  4 ufetubi (D:6)
  4 ribbon worms
  3 dart slugs (D:1)
  17 orcs
  10 ball pythons
  5 endoplasms
  2 giant cockroaches
  10 goblins
  7 hobgoblins
  4 jackals (D:3)
  A quokka (D:4)
  5 bats
  3 frilled lizards
  10 kobolds
  8 rats
159 creatures vanquished.

Vanquished Creatures (others)
  A bombardier beetle (D:3)
  A sleepcap (D:7)
  An orc (D:7)
3 creatures vanquished.

Grand Total: 162 creatures vanquished

Table legend:
 A = Non-vault XP
 B = Vault XP
 C = Vault XP percentage of total XP
 D = Non-vault monster count
 E = Vault monster count
 F = Vault count percentage of total count
                 A         B        C        D         E       F
            +---------+---------+-------+---------+---------+-------
      Total |    3165 |    1674 |  34.6 |     151 |       8 |   5.0
            +---------+---------+-------+---------+---------+-------
        D:1 |      39 |       0 |   0.0 |      19 |       0 |   0.0
        D:2 |      42 |       0 |   0.0 |      18 |       0 |   0.0
        D:3 |     179 |      73 |  29.0 |      24 |       2 |   7.7
        D:4 |     325 |      96 |  22.8 |      26 |       1 |   3.7
        D:5 |     329 |     264 |  44.5 |      11 |       2 |  15.4
        D:6 |     777 |    1241 |  61.5 |      20 |       3 |  13.0
        D:7 |     658 |       0 |   0.0 |      15 |       0 |   0.0
        D:8 |     688 |       0 |   0.0 |      16 |       0 |   0.0
        D:9 |       1 |       0 |   0.0 |       1 |       0 |   0.0
     Temple |     127 |       0 |   0.0 |       1 |       0 |   0.0
            +---------+---------+-------+---------+---------+-------

Skill      XL: |  1  2  3  4  5  6  7  8  9 10 |
---------------+-------------------------------+-----
Invocations    | 1 2 3 5 6 |  6.8
Fighting       | 3 4 5 7 |  7.5
Ranged Weapons | 4 5 6 7 |  7.2
Spellcasting   | 1 2 3 4 |  4.2
Conjurations   | 1 2 3 4 |  4.2
Hexes          | 1 2 3 4 |  4.2
Summonings     | 1 2 3 4 |  4.2
Necromancy     | 1 2 3 4 |  4.2
Translocations | 1 2 3 4 |  4.2
Fire Magic     | 1 2 3 4 |  4.2
Ice Magic      | 1 2 3 4 |  4.2
Air Magic      | 1 2 3 4 |  4.2
Earth Magic    | 1 2 3 4 |  4.2
Alchemy        | 1 2 3 4 |  4.2
Dodging        | |  2.1
Stealth        | |  0.7

Action                     |  1- 3 |  4- 6 |  7- 9 | 10-12 || total
---------------------------+-------+-------+-------+-------++-------
   Fire: Shortbow          |    89 |   174 |   418 |   136 ||   817
   Cast: Blink             |       |       |     1 |       ||     1
  Evoke: Wand              |       |       |       |     2 ||     2
    Use: Scroll            |       |       |     1 |     8 ||     9
 Armour: Leather armour    |    27 |    47 |   203 |    69 ||   346
  Dodge: Dodged            |    36 |    46 |   217 |    57 ||   356
  Block: Other             |       |    16 |    84 |    21 ||   121
         Reflection        |       |     1 |     7 |     1 ||     9

Illustrated notes

Table legend:
 A = Kills in this place as a percentage of kills in the entire game.
 B = Kills by you in this place as a percentage of kills by you in the entire game.
 C = Kills by friends in this place as a percentage of kills by friends in the entire game.
 D = Other kills in this place as a percentage of other kills in the entire game.
 E = Experience gained in this place as a percentage of experience gained in the entire game.
 F = Experience gained in this place divided by the number of levels of this place that you have seen.
                   A       B       C       D       E      F
               +-------+-------+-------+-------+-------+----------------------
         Total | 100.0 | 100.0 |   N/A | 100.0 | 100.0 | 483.9
       Dungeon |  99.4 |  99.4 |   N/A | 100.0 |  97.4 | 523.6
        Temple |   0.6 |   0.6 |   N/A |   0.0 |   2.6 | 127.0
               +-------+-------+-------+-------+-------+----------------------

Table legend: (Time is in decaauts)
 A = Elapsed time spent in this place.
 B = Non-inter-level travel time spent in this place.
 C = Inter-level travel time spent in this place.
 D = Time resting spent in this place.
 E = Time spent auto-exploring this place.
 F = Levels seen in this place.
 G = Mean time per level.
                   A        B        C        D        E       F      G
               +--------+--------+--------+--------+--------+-----+--------+
         Total |   7542 |   7204 |    338 |   1251 |   2981 |  10 |  754.2 |
       Dungeon |   7444 |   7106 |    338 |   1163 |   2981 |   9 |  827.1 |
        Temple |     98 |     98 |      0 |     88 |      0 |   1 |   98.0 |
               +--------+--------+--------+--------+--------+-----+--------+

Top non-repeatable levels by time:
     D:6: 1618 daAuts
     D:3: 1163 daAuts
     D:1: 936 daAuts
     D:7: 932 daAuts
     D:5: 897 daAuts
     D:4: 794 daAuts
     D:2: 573 daAuts
     D:8: 519 daAuts
  Temple: 98 daAuts
     D:9: 9 daAuts
